 Dungeon Crawl Stone Soup version 0.23.2-1-ga50397a (webtiles) character file.

Game seed: 4958397919160467450

127759 esteth the Thaumaturge (level 17, -20/131 HPs)
             Began as a Gnoll Wizard on Apr 21, 2019.
             Was the Champion of Okawaru.
             Demolished by a naga warrior
             ... wielding a +0 flail
              (28 damage)
             ... on level 1 of the Snake Pit.
             The game lasted 02:01:34 (36169 turns).

esteth the Thaumaturge (Gnoll Wizard)              Turns: 36169, Time: 02:01:35

Health: -20/131    AC: 15    Str: 17    XL:     17   Next: 1%
Magic:  31/51      EV: 25    Int: 27    God:    Okawaru [******]
Gold:   1775       SH: 11    Dex: 16    Spells: 15/41 levels left

rFire    . . .     SeeInvis .   j - +5 demon trident (elec)
rCold    . . .     Gourm    .   I - +3 buckler {reflect}
rNeg     . . .     Faith    .   D - +2 robe {Archmagi}
rPois    +         Spirit   .   q - +2 helmet
rElec    .         Reflect  +   w - +1 cloak {rPois}
rCorr    +         Harm     .   K - +0 pair of gloves {Str+3}
MR       +....                  N - +0 pair of boots of the Fiddle {rCorr MP+9 Dex+3 Slay+2}
Stlth    ++++++....             G - amulet of regeneration
HPRegen  0.71/turn              c - +3 ring of strength
MPRegen  0.32/turn              p - ring of magical power

@: heroism
A: distributed training, fangs 1, strong nose
a: Heroism, Finesse, Renounce Religion


You were on level 1 of the Snake Pit.
You worshipped Okawaru.
Okawaru was exalted by your worship.
You were not hungry.

You visited 5 branches of the dungeon, and saw 26 of its levels.
You also visited: Sewer and Ossuary.

You collected 2309 gold pieces.
You spent 534 gold pieces at shops.

Inventory:

Hand Weapons
 g - a +6 spear of freezing
 h - a +4 triple crossbow of freezing
 j - a +5 demon trident of electrocution (weapon)
 l - the +7 captain's cutlass {speed, disarm}
   (Okawaru gifted it to you on level 5 of the Lair of Beasts)

   Attacks with this weapon are significantly faster.
Missiles
 s - 146 bolts
 U - 7 tomahawks of dispersal (quivered)
Armour
 b - a +2 pair of gloves of dexterity
 e - a +2 cloak
 q - a +2 helmet (worn)
 w - a +1 cloak of poison resistance (worn)
 D - a +2 robe of the Archmagi (worn)
 I - a +3 buckler of reflection (worn)
 K - a +0 pair of gloves of strength (worn)
 N - the +0 pair of boots of the Fiddle (worn) {rCorr MP+9 Dex+3 Slay+2}
   (You bought it in a shop on level 8 of the Dungeon)

   It affects your dexterity (+3).
   It affects your accuracy and damage with ranged weapons and melee attacks
   (+2).
   It affects your magic capacity (+9).
   It provides partial protection from all sources of acid and corrosion.
 Z - a +4 scale mail of poison resistance
Jewellery
 c - a +3 ring of strength (left hand)
 p - a ring of magical power (right hand)
 x - an uncursed ring of protection from magic {unknown}
 G - an amulet of regeneration (around neck)
Wands
 a - a wand of iceblast (5)
 A - a wand of digging (18)
 L - a wand of acid (16)
 O - a wand of flame (32)
 S - a wand of scattershot (11)
 V - a wand of enslavement (17)
Scrolls
 f - 6 scrolls of teleportation
 k - 2 scrolls of fog
 o - 13 scrolls of remove curse
 u - 3 scrolls of holy word
 y - 6 scrolls of magic mapping
 H - a scroll of brand weapon
 Q - 10 scrolls of amnesia
 X - 3 scrolls of identify
Potions
 i - 2 potions of agility
 m - 2 potions of haste
 n - a potion of curing
 t - 5 potions of mutation
 v - 2 potions of brilliance
 z - 2 potions of magic
 B - a potion of berserk rage {unknown}
 F - 4 potions of flight
 J - 3 potions of lignification
 M - 2 potions of ambrosia {unknown}
Miscellaneous
 P - a fan of gales (inert)
 R - a box of beasts
 W - a lamp of fire
Comestibles
 d - 41 rations


   Skills:
 + Level 11.0(16.0) Fighting
 + Level 11.0(16.0) Short Blades
 + Level 11.0(16.0) Long Blades
 + Level 11.0(16.0) Axes
 + Level 11.0(16.0) Maces & Flails
 + Level 11.0(16.0) Polearms
 + Level 11.0(16.0) Staves
 + Level 11.0(16.0) Slings
 + Level 11.0(16.0) Bows
 + Level 11.0(16.0) Crossbows
 + Level 11.0(16.0) Throwing
 + Level 11.0(16.0) Armour
 + Level 11.8(16.8) Dodging
 + Level 11.7(16.7) Stealth
 + Level 11.0(16.0) Shields
 + Level 11.0(16.0) Unarmed Combat
 + Level 12.8 Spellcasting
 + Level 9.6 Conjurations
 + Level 9.4 Hexes
 + Level 9.4 Charms
 + Level 9.6 Summonings
 + Level 9.4 Necromancy
 + Level 9.6 Translocations
 + Level 9.4 Transmutations
 + Level 9.4 Fire Magic
 + Level 9.4 Ice Magic
 + Level 9.4 Air Magic
 + Level 9.4 Earth Magic
 + Level 9.4 Poison Magic
 + Level 11.9 Invocations
 + Level 11.0 Evocations


You had 15 spell levels left.
You knew the following spells:

 Your Spells              Type           Power        Failure   Level  Hunger
a - Magic Dart            Conj           ####         1%          1    None
b - Blink                 Tloc           N/A          1%          2    None
c - Call Imp              Summ           #######.     1%          2    None
d - Conjure Flame         Conj/Fire      #######.     1%          3    None
e - Mephitic Cloud        Conj/Pois/Air  #######.     1%          3    None
f - Confuse               Hex            #######.     1%          3    None
g - Freezing Cloud        Conj/Ice/Air   #######...   10%         6    #####..
h - Shadow Creatures      Summ           N/A          10%         6    #####..

Your spell library contained the following spells:

 Spells                   Type           Power        Failure   Level  Hunger
 Beastly Appendage        Tmut           ######       1%          1    None
 Confusing Touch          Hex            ######       1%          1    None
 Summon Small Mammal      Summ           ####         1%          1    None
 Passwall                 Tmut/Erth      #######.     1%          2    None
 Poisonous Vapours        Pois/Air       ######       1%          2    None
 Slow                     Hex            #######.     1%          2    None
 Sticks to Snakes         Tmut           #######.     1%          2    None
 Sublimation of Blood     Necr           #######...   1%          2    None
 Swiftness                Chrm/Air       #######.     1%          2    None
 Gell's Gravitas          Tloc           #######...   1%          3    None
 Ignite Poison            Fire/Tmut/Pois #######.     1%          3    None
 Recall                   Summ/Tloc      N/A          1%          3    None
 Spider Form              Tmut/Pois      #######...   1%          3    None
 Force Lance              Conj/Tloc      #######.     1%          4    None
 Ice Form                 Ice/Tmut       #######.     1%          4    None
 Passage of Golubria      Tloc           N/A          1%          4    None
 Petrify                  Tmut/Erth      #######.     1%          4    None
 Alistair's Intoxication  Tmut/Pois      #######.     1%          5    ##.....
 Aura of Abjuration       Summ           #######...   1%          5    ##.....
 Blade Hands              Tmut           #######...   1%          5    ##.....
 Irradiate                Conj/Tmut      #######...   1%          5    ##.....
 Iskenderun's Battlesphe  Conj/Chrm      #######.     1%          5    ##.....
 Lee's Rapid Deconstruct  Erth           #######...   1%          5    ##.....
 Metabolic Englaciation   Hex/Ice        #######...   1%          5    ##.....
 Summon Demon             Summ           #######...   1%          5    ##.....
 Summon Forest            Summ/Tloc      #######...   1%          5    ##.....
 Summon Mana Viper        Hex/Summ       #######.     1%          5    ##.....
 Yara's Violent Unravell  Hex/Tmut       #######...   1%          5    ##.....
 Iron Shot                Conj/Erth      #######...   10%         6    #####..
 Darkness                 Hex            #######...   11%         6    #####..
 Invisibility             Hex            #######.     11%         6    #####..
 Ring of Flames           Chrm/Fire      #######...   50%         7    ######.


Dungeon Overview and Level Annotations

Branches:
Dungeon (15/15)            Temple (1/1) D:7            Lair (6/6) D:11
  Swamp (0/4) Lair:2        Snake (2/4) Lair:4        Slime (0/5) Lair:5
    Orc (2/2) D:12            Elf (0/3) Orc:2        Vaults (0/5) D:14
 Depths (0/5) D:15

Altars:
Ashenzari
Cheibriados
Dithmenos
Elyvilon
Fedhas
Gozag
Hepliaklqana
Kikubaaqudgha
Makhleb
Nemelex Xobeh
Okawaru
Qazlal
Ru
Sif Muna
Trog
Uskayaw
Vehumet
Wu Jian
Xom
Yredelemnul
Zin
The Shining One
Beogh

Shops:
D:3 *   D:8 [   D:10 [   Orc:2 %*%*

Portals:
Trove: D:11 (give 8 potions of haste)

Annotations:
D:1 exclusion: downstairs
D:3 1 runed translucent door, GuyDeFluk's ghost, amateur HOAK
Lair:1 exclusion: downstairs
Lair:4 1 runed translucent door, shugdite's ghost, journeyman MiBe
Lair:5 3 runed translucent doors, Kairos's ghost, journeyman FoFi
Lair:6 2 runed translucent doors, shugdite's ghost, journeyman TrBe


Innate Abilities, Weirdness & Mutations

Your experience applies equally to all skills.
You have very sharp teeth.
Your uncanny sense of smell can sniff out nearby items.


Message History

* * * LOW HITPOINT WARNING * * *
The naga warrior closely misses you.
The salamander is engulfed in noxious fumes.
The salamander appears confused.
The naga warrior hits you with a +0 dire flail!
* * * LOW HITPOINT WARNING * * *
The naga warrior misses you. The naga mage completely misses you.
You block the naga mage's attack.
You climb upwards.
There is a stone staircase leading down, spattered with blood here.
Evoke which item? (* to show all) (? for menu, Esc to quit)
Okay, then.
Okay, then.
You gain the combat prowess of a mighty hero.
The naga warrior spits poison at you.
Your +3 buckler of reflection reflects the splash of poison!
The splash of poison hits the naga warrior.
The naga warrior completely resists.
The naga warrior hits you with a +0 flail!!
You die...

#..## ############.......#
#...###.............######
###.#...#########...# #
#.....### #......##### #
######.#..##
#.###......####
#......)..#####
#.##..####.....
########......## #.#..##
##..## #.#...).####.#.##
#.## #.####..N@N....#
#.### #.## #.####....#
##.... #..###..#...####
#..#.. ##..###.....#
#.##.# ##..####...##
#.#..# ##..# #.)÷.###
###.#.## ##.#
#......####...(.# ########
#.# #....#.#....##.##
#..)÷..###.#
#..........###.#


You could see 2 naga warriors.

Vanquished Creatures
  Jorgrun (D:12)
  Kirke (D:14)
  2 orc warlords (Orc:2)
  An ironheart preserver (D:14)
  The ghost of Ytheofip the Cleaver, a journeyman FoFi of Okawaru (D:14)
  A stone giant (Orc:2)
  2 dire elephants
  A minotaur (Orc:1)
  The ghost of TheOvate the Severer, a journeyman MiFi of Makhleb (Orc:1)
  A merfolk javelineer (Orc:1)
  Snorg (Lair:4)
  Fannar (D:12)
  9 hydras
  A catoblepas (Lair:6)
  2 naga warriors (Snake:1)
  2 ogre magi
  Erica (Lair:2)
  4 centaur warriors
  8 two-headed ogres
  5 death yaks (Lair:5)
  2 tengu warriors (Orc:1)
  4 orc high priests (Orc:2)
  4 naga sharpshooters (Snake:1)
  2 shock serpents
  Sonja (Lair:2)
  A deep elf knight (Orc:1)
  Nergalle (D:12)
  A fire crab (shapeshifter) (D:13)
  3 skeletal warriors (D:15)
  3 sea snakes (Snake:2)
  3 unseen horrors
  A naga ritualist (Snake:1)
  2 lindwurms (Lair:6)
  6 orc knights
  An orb spider (shapeshifter) (D:14)
  A cyclops (D:14)
  4 mana vipers
  2 deep elf magi
  5 orc sorcerers
  2 wolf spiders
  11 ugly things
  5 manticores
  6 salamanders
  A black mamba (shapeshifter) (D:11)
  Maurice (D:12)
  11 black mambas
  3 elephants (Lair:6)
  A torpor snail (Lair:4)
  A guardian serpent (Snake:1)
  3 naga magi (Snake:1)
  Psyche (D:12)
  2 centaur zombies (D:12)
  2 centaur skeletons
  6 spiny frogs
  5 rime drakes
  An efreet (D:14)
  9 komodo dragons
  A queen bee (Lair:1)
  11 polar bears
  2 hornets (Lair:6)
  5 trolls
  27 blink frogs
  8 hippogriffs
  8 slime creatures
  A raiju (Lair:6)
  3 bog bodies (Lair:2)
  A meliai zombie (D:15)
  A shadow (D:14)
  4 wyverns
  A spriggan (D:9)
  3 hogs (D:14)
  A wraith (D:11)
  3 basilisks
  9 vampire mosquitoes
  27 yaks
  3 hungry ghosts
  10 wargs
  A soldier ant (D:15)
  10 nagas (Snake:1)
  12 water moccasins
  2 acid dragons
  6 porcupines
  16 hell hounds (Lair:6)
  4 sky beasts
  2 ice beasts
  44 orc warriors
  An eye of draining (D:13)
  11 black bears (Lair:6)
  A necrophage (D:5)
  24 ogres
  A hornet zombie (D:13)
  31 wolves
  15 centaurs
  16 crocodiles
  10 bullfrogs
  A gnoll sergeant (D:7)
  A wyvern skeleton (D:14)
  A hornet simulacrum (D:14)
  8 scorpions
  39 killer bees
  34 wights
  2 howler monkeys
  4 electric eels
  2 bullfrog zombies
  4 crimson imps
  4 hounds
  41 orc priests
  A bullfrog skeleton (D:9)
  20 jellies
  5 iguanas
  23 orc wizards
  6 worker ants
  5 big kobold zombies (Ossuary)
  A hound zombie (D:10)
  A mummy (Ossuary)
  A worker ant zombie (D:5)
  Robin (D:2)
  12 gnolls
  12 adders
  3 river rats (Sewer)
  4 shadow imps
  An ooze (Sewer)
  2 adder skeletons (D:9)
  A worm (D:6)
  A dart slug (D:1)
  2 leopard geckos
  143 orcs
  2 spectral bats (Ossuary)
  7 bats
  6 giant cockroaches
  11 goblins
  2 hobgoblins
  18 jackals
  3 kobolds
  6 quokkas
  9 ball pythons
  4 bat simulacra (Ossuary)
  7 frilled lizards
  A giant cockroach zombie (D:6)
  5 gnoll zombies (Ossuary)
  3 goblin simulacra (Ossuary)
  3 goblin zombies (Ossuary)
  7 hobgoblin zombies (Ossuary)
  A jackal zombie (D:5)
  2 kobold simulacra (Ossuary)
  3 kobold zombies (Ossuary)
  A leopard gecko skeleton (D:5)
  An orc zombie (Ossuary)
  2 quokka skeletons
  A quokka zombie (D:7)
  25 rats
  2 rat simulacra (Ossuary)
  A spectral goblin (Ossuary)
  7 spectral kobolds (Ossuary)
  2 spectral rats (Ossuary)
  A plant (Lair:5)
1029 creatures vanquished.

Vanquished Creatures (collateral kills)
  2 naga warriors (Snake:1)
  An anaconda (Snake:1)
  A death yak (Lair:5)
  A dancing weapon (D:14)
  2 sea snakes (Snake:2)
  2 naga ritualists (Snake:1)
  An ugly thing (D:13)
  2 black mambas (Snake:1)
  A naga (Snake:1)
  An orc warrior (D:14)
  2 bullfrogs (Sewer)
  A wyvern skeleton (D:13)
  2 killer bees (Lair:1)
  A big kobold zombie (Ossuary)
  A river rat (Sewer)
  4 ball pythons (Sewer)
  A gnoll zombie (Ossuary)
  2 goblin zombies (Ossuary)
  A kobold zombie (Ossuary)
  An orc zombie (Ossuary)
  A rat (Sewer)
31 creatures vanquished.

Vanquished Creatures (others)
  A lindwurm (Lair:6)
  A bog body (Lair:2)
  Sigmund (D:2)
  A basilisk (Lair:2)
  A centaur (D:14)
  A killer bee (Lair:1)
  A bush (Lair:4)
  9 fungi
  17 plants
  2 withered plants (Lair:4)
35 creatures vanquished.

Grand Total: 1095 creatures vanquished

Notes
Turn   | Place    | Note
-------+----------+-------------------------------------------
     0 | D:1      | esteth the Gnoll Wizard began the quest for the Orb.
     0 | D:1      | Reached XP level 1. HP: 13/13 MP: 8/8
   126 | D:1      | Reached XP level 2. HP: 16/19 MP: 2/10
   744 | D:1      | Reached XP level 3. HP: 10/25 MP: 5/11
   749 | D:1      | Learned a level 2 spell: Blink
   752 | D:1      | Learned a level 2 spell: Call Imp
   756 | D:1      | Learned a level 3 spell: Conjure Flame
   760 | D:1      | Learned a level 3 spell: Mephitic Cloud
  1211 | D:2      | Noticed Sigmund
  1458 | D:2      | Reached skill level 1 in Invocations
  1764 | D:2      | Found a stormy altar of Qazlal.
  1843 | D:2      | Noticed Robin
  1855 | D:2      | Killed Robin
  1855 | D:2      | Reached skill level 1 in Fighting
  1855 | D:2      | Reached skill level 1 in Short Blades
  1855 | D:2      | Reached skill level 1 in Long Blades
  1855 | D:2      | Reached skill level 1 in Axes
  1855 | D:2      | Reached skill level 1 in Maces & Flails
  1855 | D:2      | Reached skill level 1 in Polearms
  1855 | D:2      | Reached skill level 1 in Staves
  1855 | D:2      | Reached skill level 1 in Slings
  1855 | D:2      | Reached skill level 1 in Bows
  1855 | D:2      | Reached skill level 1 in Crossbows
  1855 | D:2      | Reached skill level 1 in Throwing
  1855 | D:2      | Reached skill level 1 in Armour
  1855 | D:2      | Reached skill level 1 in Shields
  1855 | D:2      | Reached skill level 1 in Unarmed Combat
  1855 | D:2      | Reached skill level 1 in Evocations
  1855 | D:2      | Reached XP level 4. HP: 24/32 MP: 0/13
  2337 | D:2      | Killed Sigmund
  2591 | D:3      | Reached skill level 1 in Hexes
  2591 | D:3      | Reached skill level 1 in Charms
  2591 | D:3      | Reached skill level 1 in Necromancy
  2591 | D:3      | Reached skill level 1 in Transmutations
  2591 | D:3      | Reached skill level 1 in Fire Magic
  2591 | D:3      | Reached skill level 1 in Ice Magic
  2591 | D:3      | Reached skill level 1 in Air Magic
  2591 | D:3      | Reached skill level 1 in Earth Magic
  2591 | D:3      | Reached skill level 1 in Poison Magic
  2873 | D:3      | Found a runed translucent door.
  2878 | D:3      | Noticed GuyDeFluk's ghost (amateur HOAK)
  2922 | D:3      | Found Zin's Purification Station.
  2923 | D:3      | Found a glowing silver altar of Zin.
  2955 | D:3      | Found a glowing drain.
  2982 | D:3      | Reached XP level 5. HP: 29/37 MP: 14/14
  3063 | Sewer    | Entered a sewer
  4194 | Sewer    | Reached XP level 6. HP: 44/44 MP: 8/16
  4202 | Sewer    | Reached skill level 5 in Dodging
  4596 | D:4      | Found a sacrificial altar of Ru.
  4767 | D:4      | Found an ancient bone altar of Kikubaaqudgha.
  4836 | D:4      | Found a sparkling altar of Nemelex Xobeh.
  5121 | D:5      | Entered Level 5 of the Dungeon
  5329 | D:5      | Reached XP level 7. HP: 49/50 MP: 18/18
  5641 | D:5      | Found a shadowy altar of Dithmenos.
  5667 | D:5      | Found a shimmering altar of Xom.
  6343 | D:5      | Reached skill level 5 in Stealth
  6675 | D:6      | Reached XP level 8. HP: 43/56 MP: 13/19
  7457 | D:6      | Reached skill level 8 in Spellcasting
  7609 | D:6      | Found a glowing golden altar of the Shining One.
  7722 | D:6      | Found a snail-covered altar of Cheibriados.
  7722 | D:6      | Found a basalt altar of Yredelemnul.
  7727 | D:6      | Found a white marble altar of Elyvilon.
  8030 | D:7      | Reached XP level 9. HP: 65/65 MP: 21/21
  8267 | D:7      | Found an opulent altar of Gozag.
  8301 | D:7      | Found a staircase to the Ecumenical Temple.
  8306 | Temple   | Entered the Ecumenical Temple
  8514 | Temple   | Became a worshipper of Warmaster Okawaru
  8723 | D:7      | Found a snail-covered altar of Cheibriados.
  9464 | D:7      | Found a shadowy altar of Dithmenos.
  9803 | D:7      | Reached * piety under Okawaru
 10119 | D:8      | Found a sand-covered staircase.
 10128 | Ossuary  | Entered an ossuary
 10624 | D:8      | Reached skill level 5 in Invocations
 10859 | D:8      | Found Owaipnob's Antique Armour Boutique.
 10870 | D:8      | Found a radiant altar of Vehumet.
 10874 | D:8      | Bought a pair of twisted boots for 190 gold pieces
 10884 | D:8      | Identified the +0 pair of boots of the Fiddle {rCorr MP+9
                  | Dex+3 Slay+2} (You bought it in a shop on level 8 of the
                  | Dungeon)
 11149 | D:8      | Reached XP level 10. HP: 73/73 MP: 22/22
 11219 | D:8      | Reached ** piety under Okawaru
 11814 | D:9      | Reached skill level 5 in Fighting
 11814 | D:9      | Reached skill level 5 in Short Blades
 11814 | D:9      | Reached skill level 5 in Long Blades
 11814 | D:9      | Reached skill level 5 in Axes
 11814 | D:9      | Reached skill level 5 in Maces & Flails
 11814 | D:9      | Reached skill level 5 in Polearms
 11814 | D:9      | Reached skill level 5 in Staves
 11814 | D:9      | Reached skill level 5 in Slings
 11814 | D:9      | Reached skill level 5 in Bows
 11814 | D:9      | Reached skill level 5 in Crossbows
 11814 | D:9      | Reached skill level 5 in Throwing
 11814 | D:9      | Reached skill level 5 in Armour
 11814 | D:9      | Reached skill level 5 in Shields
 11814 | D:9      | Reached skill level 5 in Unarmed Combat
 11814 | D:9      | Reached skill level 5 in Evocations
 12212 | D:10     | Entered Level 10 of the Dungeon
 12227 | D:10     | Reached skill level 9 in Spellcasting
 12242 | D:9      | Reached *** piety under Okawaru
 12411 | D:10     | Learned a level 3 spell: Confuse
 12437 | D:10     | Found a roughly hewn altar of Beogh.
 12454 | D:10     | Reached skill level 5 in Conjurations
 12454 | D:10     | Reached skill level 5 in Summonings
 12454 | D:10     | Reached skill level 5 in Translocations
 12793 | D:10     | Reached **** piety under Okawaru
 12812 | D:10     | Received a gift from Okawaru
 13116 | D:10     | Found Not Vynosi's Armour Emporium.
 13121 | D:10     | Bought a +2 pair of gloves of dexterity for 344 gold pieces
 13227 | D:11     | Found a staircase to the Lair.
 13247 | D:10     | Reached XP level 11. HP: 53/81 MP: 24/24
 13722 | D:11     | Found a portal to a secret trove of treasure.
 14297 | D:11     | Found a shattered altar of Ashenzari.
 14420 | D:11     | Noticed a manticore
 14426 | D:11     | Killed a manticore
 14426 | D:11     | Reached skill level 5 in Hexes
 14426 | D:11     | Reached skill level 5 in Charms
 14426 | D:11     | Reached skill level 5 in Necromancy
 14426 | D:11     | Reached skill level 5 in Transmutations
 14426 | D:11     | Reached skill level 5 in Fire Magic
 14426 | D:11     | Reached skill level 5 in Ice Magic
 14426 | D:11     | Reached skill level 5 in Air Magic
 14426 | D:11     | Reached skill level 5 in Earth Magic
 14426 | D:11     | Reached skill level 5 in Poison Magic
 14782 | D:11     | Received a gift from Okawaru
 14963 | D:12     | Noticed a white ugly thing
 14976 | D:12     | Reached ***** piety under Okawaru
 15007 | Lair:1   | Entered Level 1 of the Lair of Beasts
 15039 | Lair:1   | Received a gift from Okawaru
 16431 | Lair:2   | Noticed Erica
 16441 | Lair:2   | Noticed Sonja
 16829 | Lair:2   | Killed Erica
 16829 | Lair:2   | Reached XP level 12. HP: 84/89 MP: 25/25
 16860 | Lair:2   | Killed Sonja
 16860 | Lair:2   | Received a gift from Okawaru
 17329 | Lair:2   | Reached skill level 10 in Spellcasting
 17906 | Lair:2   | Received a gift from Okawaru
 18398 | Lair:2   | Found a staircase to the Swamp.
 18778 | Lair:3   | Received a gift from Okawaru
 19135 | Lair:3   | Noticed a seven-headed hydra
 19144 | Lair:3   | Killed a seven-headed hydra
 20043 | Lair:4   | Found a runed translucent door.
 20043 | Lair:4   | Noticed shugdite's ghost (journeyman MiBe)
 20226 | Lair:4   | Noticed Snorg
 20258 | Lair:4   | Killed Snorg
 20480 | Lair:4   | Found a staircase to the Snake Pit.
 20738 | Lair:4   | Found a runed translucent door.
 20818 | Lair:4   | Noticed a five-headed hydra
 20843 | Lair:4   | Reached XP level 13. HP: 57/98 MP: 27/27
 21659 | Lair:5   | Found a staircase to the Slime Pits.
 21921 | Lair:5   | Reached ****** piety under Okawaru
 22232 | Lair:5   | Found a runed translucent gate.
 22232 | Lair:5   | Found a runed translucent gate.
 22233 | Lair:5   | Found a runed translucent gate.
 22243 | Lair:5   | Noticed Kairos's ghost (journeyman FoFi)
 22654 | Lair:6   | Entered Level 6 of the Lair of Beasts
 23161 | Lair:5   | Received a gift from Okawaru
 23603 | Lair:5   | Received a gift from Okawaru
 23604 | Lair:5   | Found the +7 captain's cutlass {speed, disarm}
 24258 | Lair:6   | Reached skill level 11 in Spellcasting
 24277 | Lair:6   | Received a gift from Okawaru
 24566 | Lair:6   | Received a gift from Okawaru
 24674 | Lair:6   | Found a large runed translucent door.
 24675 | Lair:6   | Found a large runed translucent door.
 24712 | Lair:6   | Noticed shugdite's ghost (journeyman TrBe)
 24731 | Lair:6   | Reached XP level 14. HP: 106/106 MP: 29/29
 24793 | Lair:6   | Noticed a dire elephant
 24870 | Lair:6   | Killed a dire elephant
 24993 | Lair:6   | Reached skill level 10 in Dodging
 25317 | Lair:6   | Received a gift from Okawaru
 25800 | Lair:6   | Reached skill level 10 in Stealth
 25929 | Lair:6   | Reached skill level 10 in Invocations
 26121 | Lair:6   | Identified a scroll of acquirement
 26424 | D:12     | Noticed Fannar
 26454 | D:12     | Killed Fannar
 26540 | D:12     | Noticed Maurice
 26567 | D:12     | Killed Maurice
 26594 | D:12     | Noticed Psyche
 26604 | D:12     | Killed Psyche
 26606 | D:12     | Noticed Nergalle
 26627 | D:12     | Killed Nergalle
 26639 | D:12     | Noticed Jorgrun
 26667 | D:12     | Killed Jorgrun
 26687 | D:12     | Received a gift from Okawaru
 26774 | D:12     | Got a shimmering ring mail {god gift}
 26787 | D:12     | Identified the +2 ring mail of the Orange Skies {-Cast +Fly
                  | Dex+6} (Okawaru gifted it to you on level 12 of the
                  | Dungeon)
 26873 | D:12     | Found a staircase to the Orcish Mines.
 27471 | D:13     | Reached XP level 15. HP: 114/114 MP: 30/30
 28456 | D:14     | Noticed Kirke
 28505 | D:14     | Killed Kirke
 28661 | D:14     | Found a runed translucent door.
 28661 | D:14     | Found a shimmering altar of Xom.
 28661 | D:14     | Noticed Ytheofip's ghost (journeyman FoFi)
 28713 | D:14     | Killed Ytheofip's ghost
 28839 | D:14     | Reached skill level 12 in Spellcasting
 28846 | D:14     | Received a gift from Okawaru
 29107 | D:14     | Reached skill level 10 in Fighting
 29107 | D:14     | Reached skill level 10 in Short Blades
 29107 | D:14     | Reached skill level 10 in Long Blades
 29107 | D:14     | Reached skill level 10 in Axes
 29107 | D:14     | Reached skill level 10 in Maces & Flails
 29107 | D:14     | Reached skill level 10 in Polearms
 29107 | D:14     | Reached skill level 10 in Staves
 29107 | D:14     | Reached skill level 10 in Slings
 29107 | D:14     | Reached skill level 10 in Bows
 29107 | D:14     | Reached skill level 10 in Crossbows
 29107 | D:14     | Reached skill level 10 in Throwing
 29107 | D:14     | Reached skill level 10 in Armour
 29107 | D:14     | Reached skill level 10 in Shields
 29107 | D:14     | Reached skill level 10 in Unarmed Combat
 29107 | D:14     | Reached skill level 10 in Evocations
 29270 | D:14     | Found a gate to the Vaults.
 29450 | D:15     | Entered Level 15 of the Dungeon
 30207 | D:15     | Found a staircase to the Depths.
 30653 | Orc:1    | Entered Level 1 of the Orcish Mines
 30686 | Orc:1    | Reached XP level 16. HP: 122/122 MP: 32/32
 30864 | Orc:2    | Entered Level 2 of the Orcish Mines
 31126 | Orc:2    | Received a gift from Okawaru
 31486 | Orc:2    | Found a staircase to the Elven Halls.
 31544 | Orc:2    | Got a crude mace
 31546 | Orc:2    | Identified the cursed +0 mace "Demonbane" {freeze, Fragile
                  | +Rage Str+6 SInv} (You found it on level 2 of the Orcish
                  | Mines)
 32069 | Orc:2    | HP: 6/123 [orc warlord/+3 glaive of venom (27)]
 32273 | Orc:1    | Found a runed translucent gate.
 32274 | Orc:1    | Found a runed translucent gate.
 32275 | Orc:1    | Found a runed translucent gate.
 32275 | Orc:1    | Noticed TheOvate's ghost (journeyman MiFi)
 32286 | Orc:1    | Found an iron altar of Okawaru.
 32315 | Orc:1    | Learned a level 6 spell: Freezing Cloud
 32371 | Orc:1    | Killed TheOvate's ghost
 32593 | Orc:1    | Identified Ytrarr's Disquisition on Creative Conjuration
 33135 | Orc:2    | Found Deqeneuni's Food Shoppe.
 33372 | Orc:2    | Found a roughly hewn altar of Beogh.
 33388 | Orc:2    | Found Ikunko's General Store.
 33740 | Orc:2    | Found a roughly hewn altar of Beogh.
 33836 | Orc:2    | Found Cewaxije's Food Boutique.
 33870 | Orc:2    | Found Kuag's Assorted Antiques.
 34168 | Snake:1  | Entered Level 1 of the Snake Pit
 34298 | Lair:4   | Received a gift from Okawaru
 34540 | Snake:1  | HP: 6/124 [poisoned by a naga warrior (splash of poison)]
 34544 | Snake:1  | Received a gift from Okawaru
 34818 | Snake:1  | Learned a level 6 spell: Shadow Creatures
 35883 | Snake:1  | You fall through a shaft!
 35928 | Snake:2  | Reached XP level 17. HP: 40/131 MP: 33/33
 35942 | Snake:2  | HP: 4/131 [electric eel/bolt of electricity (13)]
 36169 | Snake:1  | Demolished by a naga warrior

Skill      XL: |  1  2  3  4  5  6  7  8  9 10 11 12 13 14 15 16 |
---------------+-------------------------------------------------+-----
Conjurations   | 2 3 4 5 6 7 8 9 |  9.6
Summonings     | 2 3 4 5 6 7 8 9 |  9.6
Translocations | 2 3 4 5 6 7 8 9 |  9.6
Invocations    | 1 2 3 4 5 6 7 8 9 10 11 | 11.9
Fighting       | 1 2 3 4 5 6 7 8 9 10 11 | 11.0
Short Blades   | 1 2 3 4 5 6 7 8 9 10 11 | 11.0
Long Blades    | 1 2 3 4 5 6 7 8 9 10 11 | 11.0
Axes           | 1 2 3 4 5 6 7 8 9 10 11 | 11.0
Maces & Flails | 1 2 3 4 5 6 7 8 9 10 11 | 11.0
Polearms       | 1 2 3 4 5 6 7 8 9 10 11 | 11.0
Staves         | 1 2 3 4 5 6 7 8 9 10 11 | 11.0
Slings         | 1 2 3 4 5 6 7 8 9 10 11 | 11.0
Bows           | 1 2 3 4 5 6 7 8 9 10 11 | 11.0
Crossbows      | 1 2 3 4 5 6 7 8 9 10 11 | 11.0
Throwing       | 1 2 3 4 5 6 7 8 9 10 11 | 11.0
Armour         | 1 2 3 4 5 6 7 8 9 10 11 | 11.0
Shields        | 1 2 3 4 5 6 7 8 9 10 11 | 11.0
Unarmed Combat | 1 2 3 4 5 6 7 8 9 10 11 | 11.0
Evocations     | 1 2 3 4 5 6 7 8 9 10 11 | 11.0
Hexes          | 1 2 3 4 5 6 7 8 9 |  9.4
Charms         | 1 2 3 4 5 6 7 8 9 |  9.4
Necromancy     | 1 2 3 4 5 6 7 8 9 |  9.4
Transmutations | 1 2 3 4 5 6 7 8 9 |  9.4
Fire Magic     | 1 2 3 4 5 6 7 8 9 |  9.4
Ice Magic      | 1 2 3 4 5 6 7 8 9 |  9.4
Air Magic      | 1 2 3 4 5 6 7 8 9 |  9.4
Earth Magic    | 1 2 3 4 5 6 7 8 9 |  9.4
Poison Magic   | 1 2 3 4 5 6 7 8 9 |  9.4
Dodging        | 5 6 7 8 9 10 11 | 11.8
Stealth        | 5 6 7 8 9 10 11 | 11.7
Spellcasting   | 8 9 10 11 12 | 12.8

Action                   |  1- 3 |  4- 6 |  7- 9 | 10-12 | 13-15 | 16-18 || total
-------------------------+-------+-------+-------+-------+-------+-------++-------
Melee: Unarmed           |     7 |       |       |       |       |       ||     7
       Club              |    19 |    10 |       |       |       |       ||    29
       Bite              |     3 |    12 |    45 |    92 |   279 |    61 ||   492
       Dagger            |       |   168 |   432 |    10 |       |       ||   610
       Punch             |       |     1 |     2 |       |       |       ||     3
       Spear             |       |       |    53 |   917 |   446 |       ||  1416
       Cutlass           |       |       |       |       |  1417 |   293 ||  1710
       Demon trident     |       |       |       |       |       |   355 ||   355
 Cast: Magic Dart        |    74 |    62 |   181 |    55 |    55 |    86 ||   513
       Call Imp          |       |     4 |    16 |     9 |    65 |     9 ||   103
       Mephitic Cloud    |       |     2 |     8 |    23 |    56 |    14 ||   103
       Blink             |       |       |     2 |       |     2 |       ||     4
       Conjure Flame     |       |       |     8 |     6 |     5 |     1 ||    20
       Confuse           |       |       |       |    16 |     2 |    10 ||    28
       Freezing Cloud    |       |       |       |       |       |    19 ||    19
       Shadow Creatures  |       |       |       |       |       |     7 ||     7
Invok: Heroism           |       |       |       |     1 |     3 |     4 ||     8
       Finesse           |       |       |       |       |     2 |     3 ||     5
Evoke: Wand              |       |       |       |     2 |       |     4 ||     6
       Fan of gales      |       |       |       |       |       |     1 ||     1
  Use: Scroll            |       |    13 |    11 |    14 |     8 |    11 ||    57
       Potion            |       |       |     5 |     2 |    13 |    18 ||    38
 Stab: Sleeping          |       |     6 |    16 |    17 |    10 |    13 ||    62
       Confused          |       |     1 |     2 |    41 |    57 |    10 ||   111
       Distracted        |       |       |     1 |     3 |    10 |     1 ||    15
       Invisible         |       |       |       |     4 |       |       ||     4
  Eat: Chunk             |     3 |    11 |    12 |    36 |    22 |    16 ||   100
       Ration            |       |       |     2 |       |     3 |     3 ||     8
Armor: Robe              |    22 |    54 |   121 |    94 |       |    29 ||   320
       Scale mail        |       |       |       |    30 |   515 |    37 ||   582
Dodge: Dodged            |    49 |   150 |   278 |   420 |   810 |   261 ||  1968
Block: Buckler           |       |       |   109 |   261 |   648 |   197 ||  1215
       Reflection        |       |       |     1 |     6 |    23 |    18 ||    48
